 Dungeon Crawl Stone Soup version 0.25.1-2-g60ff931df9 (webtiles) character file.

Game seed: 2883197922348296744

47 DayCrawler the Cudgeler (level 3, 0/36 HPs)
             Began as a Troll Berserker on Oct 16, 2020.
             Was a Follower of Trog.
             Slain by a gnoll
             ... wielding a +0 spear of chaos
              (3 damage)
             ... while petrified by a gnoll
             ... on level 2 of the Dungeon.
             The game lasted 00:04:41 (593 turns).

DayCrawler the Cudgeler (Troll Berserker)            Turns: 593, Time: 00:04:41

Health: 0/36       AC:  6    Str: 25    XL:     3   Next: 48%
Magic:  1/2        EV:  1    Int:  3    God:    Trog [*.....]
Gold:   57         SH:  0    Dex: 10    Spells: 2/2 levels left

rFire    . . .     SeeInvis .   a - +0 mace
rCold    . . .     Gourm    +   (no shield)
rNeg     + + +     Faith    .   b - +0 animal skin
rPois    ∞         Spirit   .   (helmet restricted)
rElec    .         Reflect  .   (no cloak)
rCorr    .         Harm     .   (gloves unavailable)
MR       .....                  (boots unavailable)
Stlth    +.........             (no amulet)
HPRegen  0.52/turn              (no ring)
MPRegen  0.08/turn              (no ring)

@: mighty, lethally poisoned (0 -> 0), petrified, hasted and slowed
A: large, unfitting armour, claws 3, fast metabolism 3, gourmand, regeneration
1, shaggy fur 1, tough skin 3
a: Berserk, Renounce Religion


You were on level 2 of the Dungeon.
You worshipped Trog.
Trog was aware of your devotion.
You were very full.

You visited 1 branch of the dungeon, and saw 2 of its levels.

You collected 57 gold pieces.

Inventory:

Hand Weapons
 a - a +0 mace (weapon)
Armour
 b - a +0 animal skin (worn)
Jewellery
 g - an uncursed amulet of regeneration {unknown}
Scrolls
 d - a scroll of random uselessness {unknown}
 e - a scroll of identify {unknown}
 h - a scroll of enchant armour {unknown}
Potions
 f - a potion of brilliance {unknown}
Comestibles
 c - 5 rations


   Skills:
 + Level 2.8 Fighting
 + Level 3.4 Maces & Flails
 + Level 2.8 Dodging


You had 2 spell levels left.
You didn't know any spells.
Your spell library was empty.

Dungeon Overview and Level Annotations

Branches:
Dungeon (2/15)

Altars:


Innate Abilities, Weirdness & Mutations

You are too large for most types of armour.
You have claws for hands.
Your metabolism is lightning-fast.
You like to eat raw meat.
Your natural rate of healing is unusually fast.
You are covered in fur. (AC +1)
You have extremely tough skin. (AC +3)


Message History

The gnoll is severely wounded.
You feel sick.
The gnoll hits you from afar with a +0 spear of chaos.
The gnoll freezes you.
The gnoll hits you with a +2 dagger of chaos.
You feel yourself slow down. The gnoll barely misses you.
The gnoll hits you with a +2 dagger of chaos.
You have turned to stone.
The gnoll hits you from afar with a +0 spear of chaos.
The gnoll freezes you. The gnoll hits you but does no damage.
You feel very mighty all of a sudden.
The gnoll hits you from afar with a +0 spear of chaos.
* * * LOW HITPOINT WARNING * * *
Space warps horribly around you!
* * * LOW HITPOINT WARNING * * *
The gnoll hits you with a +2 dagger of chaos.
* * * LOW HITPOINT WARNING * * *
You feel yourself speed up.
The gnoll hits you from afar with a +0 spear of chaos!
You die...

#.#
##≈..##.......
#.# #.
≈#..##..##..
#.##......#
######. #.#≈.
≈≈.#≈ #.....
#.##..%⌠.≈#
######
#.###...... #
#.#...≈≈..#
######
#.#ggg#..≈≈
#...##
#.@#≈..≈#..
#....#
###.#.#≈≈%≈
#....#
≈≈.⌠.#.≈
#....# ##.≈..
. #..)÷#
.≈..≈.#≈
####..
.⌠.?⌠##. ###
#≈≈^## # #..≈


You could see 3 gnolls.

Vanquished Creatures
  3 adders (D:2)
  2 dart slugs
  A leopard gecko (D:2)
  2 goblins (D:1)
  2 hobgoblins
  3 bats
  3 frilled lizards
  2 kobolds (D:1)
  2 rats (D:1)
20 creatures vanquished.

Notes
Turn   | Place    | Note
-------+----------+-------------------------------------------
     0 | D:1      | DayCrawler the Troll Berserker began the quest for the Orb.
     0 | D:1      | Reached XP level 1. HP: 22/22 MP: 0/0
   126 | D:1      | Reached XP level 2. HP: 29/29 MP: 1/1
   260 | D:1      | Reached skill level 3 in Maces & Flails
   262 | D:1      | You fall into a shaft and drop 1 floor!
   405 | D:2      | Reached XP level 3. HP: 9/36 MP: 2/2
   593 | D:2      | Slain by a gnoll

Illustrated notes

Levels and vault maps discovered:
D:1:      mrwooster_arrival_statue, layout_basic, chequers_serial_rivers_micro_a
D:2:      layout_basic, chequers_serial_rivers_micro_c, fountainhead, tgw_xom,
          uniq_terence

Skill      XL: |  1  2 |
---------------+-------+-----
Maces & Flails | 3 |  3.4
Fighting       | |  2.8
Dodging        | |  2.8

Action                   || total
-------------------------++-------
Melee: Mace              ||    96
  Eat: Chunk             ||     9
Armor: Animal skin       ||    54
Dodge: Dodged            ||    77
